AoeStats
← Galahad

Arena

509262849Analyzed
4v4 RM · 6d ago on Sep 26, 2026· 29m 3s· 8 players
Game mode
Random Map
Map size
Large (8 player)
Population
200
Speed
Normal
Resources
Standard
Victory
Conquest
Starting age
Dark Age
Ending age
Imperial Age
RankedLock teamsTeams togetherTeam positionsShared explorationLock speedFull tech treeHidden civsTurbo modeCheats
Victory
Defeat
🇨🇴 Malians · Colombia
1030
+15
🇨🇴 Danes · Colombia
1027
+15
🇨🇴 Persians · Colombia
1019
+16
🇨🇴 Franks · Colombia
1013
+16
🇲🇽 Turks · Mexico
1045
-16
🇭🇰 Portuguese · Hong Kong SAR China
1020
-16
🇺🇸 Turks · United States
1017
-16
🇲🇽 Byzantines · Mexico
972
-14
HectorSquash24
12:11 Feudal Age
12:49 Double-Bit Axe
12:47 Horse Collar
19:32 Castle Age
24:16 Imperial Age
23:59 Thumb Ring
27:37 Heavy Camel Rider
wpuppet
9:45 Loom
11:37 Feudal Age
17:44 Castle Age
17:43 Stone Mining
27:32 Wheelbarrow
28:50 Elite Skirmisher
the_ripper
8:13 Loom
11:46 Feudal Age
16:29 Castle Age
14:47 Double-Bit Axe
14:45 Horse Collar
29:06 Town Watch
AM830 MK
12:39 Feudal Age
18:11 Castle Age
23:13 Imperial Age
DICO
11:23 Feudal Age
15:01 Castle Age
12:59 Double-Bit Axe
14:23 Loom
16:33 Arson
19:22 Forging
24:40 Scale Mail Armor
26:01 Squires
racied7
11:23 Feudal Age
9:39 Loom
16:18 Castle Age
15:05 Loom
15:49 Scale Barding Armor
16:18 Double-Bit Axe
21:24 Husbandry
26:46 Chain Barding Armor
26:38 Forging
Galahad
10:53 Feudal Age
15:24 Castle Age
13:58 Stone Mining
13:57 Double-Bit Axe
14:36 Horse Collar
16:30 Bow Saw
16:13 Gold Mining
24:33 Loom
24:34 Town Watch
27:41 Wheelbarrow
27:15 Squires
28:06 Forging
32:03 Imperial Age
yatsude
11:03 Feudal Age
16:56 Castle Age
15:03 Double-Bit Axe
15:21 Horse Collar
16:15 Scale Barding Armor
17:27 Town Watch
18:45 Husbandry
20:10 Bloodlines
20:12 Forging
26:05 Wheelbarrow
27:18 Gold Mining
27:37 Stone Mining
Connection lost

Rejoining the realm…

Still unreachable

The connection could not be restored.

Session expired

The server has moved on; the page needs a fresh start.